 Dungeon Crawl Stone Soup version 0.28-a0-872-g80cf8599ee (webtiles) character file.

Game seed: 1757173897195219292

1 oldmanjim the Caller (level 1, 0/13 HPs)
             Began as a Gnoll Summoner on Nov 21, 2021.
             Slain by a rat (3 damage)
             ... on level 1 of the Dungeon.
             The game lasted 00:03:31 (362 turns).

oldmanjim the Caller (Gnoll Summoner)                Turns: 362, Time: 00:03:32

Health: 0/13       AC:  4    Str:  7    XL:     1   Next: 20%
Magic:  6/6        EV:  9    Int: 14    God:
Gold:   0          SH:  8    Dex: 12    Spells: 8/9 levels left

rFire   . . .      SeeInvis .   a - +0 short sword
rCold   . . .      Faith    .   g - +2 kite shield
rNeg    . . .      Spirit   .   c - +0 leather armour
rPois   .          Reflect  .   (no helmet)
rElec   .          Harm     .   (no cloak)
rCorr   .          Rampage  .   f - +0 pair of gloves
Will    .....                   (no boots)
Stlth   ++........              (no amulet)
HPRegen 0.04/turn               (no ring)
MPRegen 0.10/turn               (no ring)

@: no status effects
A: fangs 1, strong nose, distributed training
a: no special abilities


You were on level 1 of the Dungeon.
You visited 1 branch of the dungeon, and saw 1 of its levels.

Inventory:

Hand Weapons
 a - a +0 short sword (weapon)
Missiles
 b - 26 stones
 d - 38 arrows
Armour
 c - a +0 leather armour (worn)
 f - a +0 pair of gloves (worn)
 g - a +2 kite shield (worn)
Potions
 e - a potion of berserk rage {unknown}
 h - a potion of mutation {unknown}


   Skills:
 + Level 0.0 Fighting
 + Level 0.0 Short Blades
 + Level 0.0 Long Blades
 + Level 0.0 Axes
 + Level 0.0 Maces & Flails
 + Level 0.0 Polearms
 + Level 0.0 Staves
 + Level 0.0 Slings
 + Level 0.0 Bows
 + Level 0.0 Crossbows
 + Level 0.0 Throwing
 + Level 0.0 Armour
 + Level 4.4 Dodging
 + Level 4.0 Stealth
 + Level 0.0 Shields
 + Level 0.0 Unarmed Combat
 + Level 4.8 Spellcasting
 + Level 0.0 Conjurations
 + Level 0.0 Hexes
 + Level 7.0 Summonings
 + Level 0.0 Necromancy
 + Level 0.0 Translocations
 + Level 0.0 Transmutations
 + Level 0.0 Fire Magic
 + Level 0.0 Ice Magic
 + Level 0.0 Air Magic
 + Level 0.0 Earth Magic
 + Level 0.0 Poison Magic
 + Level 0.0 Invocations
 + Level 0.0 Evocations


You had 8 spell levels left.
You knew the following spells:

 Your Spells              Type           Power      Damage    Failure   Level
a - Summon Small Mammal   Summ           92%        N/A       11%         1

Your spell library contained the following spells:

 Spells                   Type           Power      Damage    Failure   Level
 Call Imp                 Summ           23%        N/A       16%         2
 Call Canine Familiar     Summ           23%        N/A       30%         3
 Summon Guardian Golem    Hex/Summ       13%        N/A       80%         3
 Summon Lightning Spire   Summ/Air       13%        N/A       99%         4


Dungeon Overview and Level Annotations

Branches:
Dungeon (1/15)

Altars:


Innate Abilities, Weirdness & Mutations

You have very sharp teeth.
Your uncanny sense of smell can sniff out nearby items.
Your experience applies equally to all skills.


Message History

You open the door.
A rat and a hobgoblin come into view.
Found a large glass ring.
A goblin comes into view. It is wielding a +0 dagger.
The hobgoblin shouts!
The goblin shouts!
The goblin moves out of view.
There is an open door here.
The hobgoblin hits you.
You hit the rat but do no damage. The rat bites you.
The hobgoblin completely misses you.
There is an open door here.
There is an open door here.
You closely miss the rat. The rat bites you but does no damage.
The rat bites you.
You are too injured to fight recklessly!
You are too injured to fight recklessly!
You are too injured to fight recklessly!
You completely miss the rat. The rat bites you but does no damage.
You closely miss the rat. The rat closely misses you.
The rat bites you but does no damage.
You hit the rat.
The rat is heavily wounded.
The rat closely misses you.
You hit the rat but do no damage.
The rat is heavily wounded.
You block the rat's attack.
You barely miss the rat.
The rat is heavily wounded.
The rat bites you. You block the rat's attack.
You hit the rat but do no damage.
The rat is heavily wounded.
You block the rat's attack.
You barely miss the rat.
The rat is heavily wounded.
You block the rat's attack. The rat bites you.
* * * LOW HITPOINT WARNING * * *
You barely miss the rat.
The rat is heavily wounded.
The rat bites you.
You die...

#.# #.#...=# ...
.......+ #.###.#....#
#..........#
#..........#
#....g.....#
#.###g#....# #. #r# ...#
#.###@###### #.........#
#.........# #.........#
#.........# #.###'######
# # #. #.......# ## #.#.
#.......# #≈
#...##.......###########


You could see a hobgoblin, a goblin and a rat.

Vanquished Creatures
  A ball python (D:1)
1 creature vanquished.

Vanquished Creatures (collateral kills)
  A frilled lizard (D:1)
1 creature vanquished.

Vanquished Creatures (others)
  4 toadstools (D:1)
4 creatures vanquished.

Grand Total: 6 creatures vanquished

Notes
Turn   | Place    | Note
-------+----------+-------------------------------------------
     0 | D:1      | oldmanjim the Gnoll Summoner began the quest for the Orb.
     0 | D:1      | Reached XP level 1. HP: 13/13 MP: 6/6
   362 | D:1      | Slain by a rat

Illustrated notes

Levels and vault maps discovered:
D:1:      ldierk_walled_garden_2, layout_basic,
          shapermc_ecumenical_altar_mp_highgroup

Action                   || total
-------------------------++-------
Melee: Short sword       ||    17
       Bite              ||     1
 Cast: Summon Small Mamm ||     2
Armor: Leather armour    ||     3
Dodge: Dodged            ||    11
Block: Kite shield       ||     4

Table legend: (Time is in decaauts)
 A = Elapsed time spent in this place.
 B = Non-inter-level travel time spent in this place.
 C = Inter-level travel time spent in this place.
 D = Time resting spent in this place.
 E = Time spent auto-exploring this place.
 F = Levels seen in this place.
 G = Mean time per level.
                   A        B        C        D        E       F      G
               +--------+--------+--------+--------+--------+-----+--------+
         Total |    365 |    365 |      0 |      0 |    281 |   1 |  365.0 |
       Dungeon |    365 |    365 |      0 |      0 |    281 |   1 |  365.0 |
               +--------+--------+--------+--------+--------+-----+--------+

Top non-repeatable levels by time:
     D:1: 365 daAuts
